 Dungeon Crawl Stone Soup version 0.30-a0-1066-g63dfefce0d (webtiles) character file.

Game seed: 10174780380759469236

390 PimpSugar the Magician (level 7, -1/49 HPs)
             Began as a Djinni Hedge Wizard on Apr 12, 2023.
             Slain by a jelly (3 damage)
             ... on level 5 of the Dungeon.
             The game lasted 00:08:09 (3835 turns).

PimpSugar the Magician (Djinni Hedge Wizard)        Turns: 3835, Time: 00:08:10

Health: -1/49      AC: -1    Str:  9    XL:     7   Next: 7%
Gold:   198        EV: 14    Int: 18    God:
                   SH:  0    Dex: 18

rFire   + + +      SeeInvis .    r - +2 dagger (venom)
rCold   x x .      Faith    .    (no shield)
rNeg    . . .      Spirit   .    b - +0 robe
rPois   ∞          Reflect  .    c - +0 hat
rElec   .          Rampage  .    (no cloak)
rCorr   .                        k - +0 pair of gloves
Will    .....                    (boots unavailable)
Stlth   +                        (no amulet)
HPRegen 0.28/turn                q - +6 ring of dexterity
MPRegen 0.00/turn                z - ring of fire

@: confused, corroded, flying
A: sickness immunity, fire resistance 2, cold vulnerability 1, float, innate
caster, HP casting, extra vitality 1
a: no special abilities


You were on level 5 of the Dungeon.
You visited 1 branch of the dungeon, and saw 5 of its levels.

You collected 198 gold pieces.

Inventory:

Hand Weapons
 a - a +0 dagger
 m - a +1 mace of protection
 r - a +2 dagger of venom (weapon)
Missiles
 e - 34 stones
 h - 6 poisoned darts
 j - a throwing net
 l - 4 javelins
 y - 3 boomerangs of dispersal
Armour
 b - a +0 robe (worn)
 c - a +0 hat (worn)
 d - a +0 hat
 k - a +0 pair of gloves (worn)
Jewellery
 q - a +6 ring of dexterity (left hand)
 z - a ring of fire (right hand)
Scrolls
 n - a scroll of acquirement {unknown}
 t - a scroll of immolation {unknown}
 u - a scroll of enchant weapon {unknown}
 v - a scroll of teleportation {unknown}
 w - a scroll of poison {unknown}
 A - 3 scrolls of fear
 B - 2 scrolls of blinking
Potions
 f - 2 potions of curing
 g - a potion of haste
 p - 3 potions of lignification
 s - a potion of attraction {unknown}
 x - a potion of flight {unknown}


   Skills:
 + Level 2.7 Fighting
 + Level 3.9 Dodging
 + Level 3.1 Stealth
 * Level 4.0 Spellcasting


You knew the following spells:

 Your Spells              Type           Power      Damage    Failure   Level
a - Magic Dart            Conj           72%        1d6       2%          1
b - Call Imp              Summ           36%        N/A       4%          2
c - Mephitic Cloud        Conj/Pois/Air  18%        N/A       9%          3
d - Slow                  Hex            72%        N/A       2%          1
e - Blink                 Tloc           36%        N/A       4%          2
f - Apportation           Tloc           36%        N/A       2%          1
g - Scorch                Fire           54%        2d7       4%          2
h - Ensorcelled Hibernat  Hex/Ice        36%        N/A       4%          2
Your spell library was empty.

Dungeon Overview and Level Annotations

Branches:
Dungeon (5/15)
 Temple: D:4-7

Altars:
Gozag
Wu Jian
Yredelemnul

Annotations:
D:5 Sigmund


Innate Abilities, Weirdness & Mutations

You are immune to sickness and miasma.
You are immune to poison.
Your flesh is very heat resistant. (rF++)
You are vulnerable to cold. (rC-)
You float through the air rather than walking.
You learn spells naturally, not from books.
Your magical power is your life essence.
You have superior vitality. (+4 MHP)


Message History

Confirm with . or Enter, or press ? or * to list all spells.
You feel a surge of power!
Flames lash the jelly.
The jelly is heavily wounded.
The jelly's fire resistance burns away.
The ice beast misses you.
Casting: Scorch (safe; 4% risk of failure)
Confirm with . or Enter, or press ? or * to list all spells.
You feel a surge of power!
Flames lash something.
The ice beast closely misses you.
You hit the ice beast but do no damage.
The ice beast is almost dead.
The jelly jiggles.
The jelly barely misses you.
The ice beast hits you but does no damage.
Something hits you.
You hit the jelly.
Your hands burn!
The jelly is severely wounded.
You kill the ice beast!
The jelly barely misses you.
Your Stealth skill increases to level 3!
Your Spellcasting skill increases to level 4!
You have reached level 7!
The power to cast Ensorcelled Hibernation wells up from within.
Spell assigned to 'h'.
You hit the jelly.
Your hands burn!
* * * LOW HITPOINT WARNING * * *
The jelly is almost dead.
You hear some strange, mumbled words.
You are confused.
The jelly barely misses you.
Found a stone staircase leading up.
The jelly is no longer more vulnerable to fire.
You closely miss the jelly.
The jelly is severely wounded.
Something barely misses you. The jelly hits you.
* * * LOW HITPOINT WARNING * * *
The acid corrodes you!
You are splashed with acid!
* * * LOW HITPOINT WARNING * * *
You're too confused to cast spells.
The jelly hits you.
You die...

..........#.......
..........?.....<#
..............(...
..................
..................
......?...........
##....<..........
#......J........
##.....@.......#
##.....#.....##
#############


You could see a jelly.

Vanquished Creatures
  An ice beast (D:5)
  A gnoll bouda (D:4)
  3 hounds
  A scorpion zombie (D:4)
  An iguana (D:4)
  A hound zombie (D:4)
  An adder (D:2)
  3 gnolls (D:4)
  7 dart slugs
  An orc (D:3)
  4 endoplasms
  3 giant cockroaches
  10 goblins
  4 hobgoblins
  3 jackals (D:4)
  3 quokkas
  4 ball pythons
  A bat (D:3)
  6 kobolds
  8 rats
66 creatures vanquished.

Vanquished Creatures (collateral kills)
  A worm (D:2)
  A goblin (D:1)
  A jackal (D:4)
3 creatures vanquished.

Grand Total: 69 creatures vanquished

Notes
Turn   | Place    | Note
-------+----------+-------------------------------------------
     0 | D:1      | PimpSugar the Djinni Hedge Wizard began the quest for the
                  | Orb.
     0 | D:1      | PimpSugar set off with the following spells memorised:
                  | Magic Dart, Slow, Blink, Call Imp, Mephitic Cloud.
     0 | D:1      | Reached XP level 1. HP: 15/15 MP: 0/0
   345 | D:1      | Reached XP level 2. HP: 8/22 MP: 0/0
  1451 | D:2      | Reached XP level 3. HP: 15/26 MP: 0/0
  1451 | D:2      | Learned a level 1 spell: Apportation
  1511 | D:2      | Reached skill level 1 in Fighting
  1718 | D:2      | Found a faded altar of an unknown god.
  2247 | D:3      | Found an opulent altar of Gozag.
  2315 | D:3      | Reached XP level 4. HP: 30/32 MP: 0/0
  2706 | D:3      | Reached skill level 3 in Spellcasting
  2709 | D:3      | Found an ornate altar of the Wu Jian Council.
  2893 | D:4      | Reached XP level 5. HP: 20/37 MP: 0/0
  2893 | D:4      | Learned a level 2 spell: Scorch
  3086 | D:4      | Found a basalt altar of Yredelemnul.
  3173 | D:4      | Reached XP level 6. HP: 18/43 MP: 0/0
  3817 | D:5      | Entered Level 5 of the Dungeon
  3817 | D:5      | Noticed an ice beast
  3822 | D:5      | Noticed Sigmund
  3830 | D:5      | Killed an ice beast
  3831 | D:5      | Reached skill level 4 in Spellcasting
  3831 | D:5      | Reached XP level 7. HP: 15/49 MP: 0/0
  3831 | D:5      | Learned a level 2 spell: Ensorcelled Hibernation
  3834 | D:5      | HP: 1/49 [acid (10)]
  3835 | D:5      | Slain by a jelly

Illustrated notes

Levels and vault maps discovered:
D:1:      dpeg_arrival_circle_labyrinth_c, layout_loops_corners
D:2:      layout_loops_ring, chequers_ecumenical_altar_simple_redux
D:3:      layout_basic, lemuel_doored_altar, marbit_many_paths
D:4:      layout_basic, lemuel_zombie_altar_yredelemnul
D:5:      layout_rooms, led_sif_pool, uniq_sigmund, uniq_crazy_yiuf_cottage,
          uniq_eustachio

Skill      XL: |  1  2  3  4  5  6 |
---------------+-------------------+-----
Fighting       | 1 2 |  2.7
Stealth        | 2 3 |  3.1
Spellcasting   | 3 4 |  4.0
Dodging        | 3 |  3.9

Action                     |  1- 3 |  4- 6 |  7- 9 || total
---------------------------+-------+-------+-------++-------
  Melee: Dagger            |    83 |    58 |     2 ||   143
         Punch             |     1 |       |       ||     1
         Mace              |    19 |       |       ||    19
   Cast: Magic Dart        |    24 |     1 |       ||    25
         Slow              |    12 |     4 |       ||    16
         Call Imp          |     4 |     4 |       ||     8
         Scorch            |       |    31 |       ||    31
    Use: Potion            |       |     1 |       ||     1
         Scroll            |       |     5 |       ||     5
   Stab: Sleeping          |     1 |     5 |       ||     6
 Armour: Robe              |    25 |    18 |       ||    43
  Dodge: Dodged            |    57 |    52 |     2 ||   111

Table legend: (Time is in decaauts)
 A = Elapsed time spent in this place.
 B = Non-inter-level travel time spent in this place.
 C = Inter-level travel time spent in this place.
 D = Time resting spent in this place.
 E = Time spent auto-exploring this place.
 F = Levels seen in this place.
 G = Mean time per level.
                   A        B        C        D        E       F      G
               +--------+--------+--------+--------+--------+-----+--------+
         Total |   3839 |   3595 |    244 |    200 |   2478 |   5 |  767.8 |
       Dungeon |   3839 |   3595 |    244 |    200 |   2478 |   5 |  767.8 |
               +--------+--------+--------+--------+--------+-----+--------+

Top non-repeatable levels by time:
     D:1: 1364 daAuts
     D:4: 1039 daAuts
     D:2: 768 daAuts
     D:3: 650 daAuts
     D:5: 17 daAuts
